General information
- name: BNet
- type: Ladder team game (AT/RT)
- host: Battle.net
- saver: aZN.FRIEZa.007
map: Highperch
- players: 6
- length: 105:35
- speed: Fast
- version: 1.21 W3XP
- replay type: Public
» download(692 KB)
Players
team 1 (winner)
aZN.FRIEZa.007 (
blue | 92 APM | 9765 actions | 105:35)
9 Blademaster
3 Wind Walk
3 Critical Strike
1 Bladestorm
2 Mirror Image
» actions
| Assign group hotkey | 2085 | |
| Basic commands | 56 | |
| Build / train | 53 | |
| ESC pressed | 2 | |
| Enter build submenu | 59 | |
| Enter hero's abilities submenu | 10 | |
| Give item / drop item | 7 | |
| Remove unit from queue | 2 | |
| Right click | 5691 | |
| Select / deselect | 733 | |
| Select group hotkey | 671 | |
| Use ability | 394 | |
9765 total
» units
» upgrades
| Reinforced Defenses | 1 | |
| Liquid Fire | 1 | |
| Ranged Weapons | 1 | |
| Witch Doctor Training | 3 | |
6 total
» buildings
| War Mill | 1 | |
| Altar of Storms | 2 | |
| Orc Burrow | 8 | |
| Watch Tower | 32 | |
| Voodoo Lounge | 2 | |
| Stronghold | 1 | |
| Beastiary | 5 | |
| Fortress | 4 | |
| Spirit Lodge | 2 | |
| Great Hall | 4 | |
61 total
» build order
00:07 War Mill
00:29 Altar of Storms
00:43 Orc Burrow
01:29 Watch Tower
01:36 Watch Tower
02:19 Orc Burrow
02:34 Watch Tower
02:57 Watch Tower
03:04 Voodoo Lounge
03:31 Watch Tower
04:07 Watch Tower
04:38 Watch Tower
04:39 Stronghold
05:15 Watch Tower
05:17 Watch Tower
05:43 Watch Tower
05:45 Watch Tower
06:27 Voodoo Lounge
06:35 Watch Tower
06:54 Orc Burrow
06:58 Orc Burrow
07:00 Watch Tower
07:01 Watch Tower
07:02 Watch Tower
07:03 Watch Tower
07:19 Beastiary
07:21 Beastiary
07:33 Watch Tower
07:40 Fortress
07:40 Fortress
07:40 Fortress
07:41 Fortress
08:16 Beastiary
08:25 Watch Tower
08:39 Watch Tower
08:53 Watch Tower
10:33 Watch Tower
10:34 Watch Tower
10:37 Watch Tower
11:49 Watch Tower
11:51 Watch Tower
11:52 Watch Tower
12:57 Watch Tower
14:22 Spirit Lodge
16:34 Watch Tower
17:37 Watch Tower
17:37 Watch Tower
17:38 Watch Tower
17:50 Watch Tower
18:40 Spirit Lodge
19:11 Orc Burrow
20:03 Beastiary
20:05 Beastiary
43:54 Great Hall
52:43 Great Hall
53:04 Great Hall
68:55 Orc Burrow
68:58 Orc Burrow
71:27 Great Hall
79:33 Orc Burrow
79:51 Altar of Storms
» items
| Healing Salve | 2 | |
| Boots of Speed | 1 | |
| Staff of Teleportation | 2 | |
| Orb of Lightning | 1 | |
| Potion of Lesser Invulnerability | 3 | |
9 total
GOKUMaN69 (
pink | 30 APM | 3186 actions | 105:34)
5 Warden
2 Shadow Strike
3 Blink
4 Pandaren Brewmaster
2 Breath of Fire
2 Drunken Brawler
» actions
| Basic commands | 3 | |
| Build / train | 85 | |
| Enter build submenu | 41 | |
| Enter hero's abilities submenu | 10 | |
| Give item / drop item | 5 | |
| Right click | 1825 | |
| Select / deselect | 950 | |
| Use ability | 267 | |
3186 total
» units
| Wisp | 32 | |
| Druid of the Talon | 7 | |
| Hippogryph | 3 | |
42 total
» upgrades
| Strength of the Wild | 3 | |
| Reinforced Hides | 3 | |
| Ultravision | 1 | |
| Druid of the Talon Training | 2 | |
| Well Spring | 1 | |
| Mark of the Talon | 1 | |
11 total
» buildings
| Altar of Elders | 3 | |
| Moon Well | 21 | |
| Tree of Ages | 4 | |
| Hunter's Hall | 1 | |
| Tree of Life | 3 | |
| Ancient of Wind | 5 | |
| Ancient of Wonders | 2 | |
| Tree of Eternity | 2 | |
41 total
» build order
00:04 Altar of Elders
00:21 Moon Well
01:27 Moon Well
03:17 Moon Well
04:34 Moon Well
05:44 Tree of Ages
05:44 Tree of Ages
05:45 Tree of Ages
06:44 Hunter's Hall
06:56 Moon Well
07:46 Tree of Life
08:09 Ancient of Wind
08:10 Ancient of Wind
08:17 Ancient of Wind
08:46 Ancient of Wonders
10:02 Tree of Eternity
10:03 Tree of Eternity
11:55 Moon Well
11:56 Moon Well
13:58 Moon Well
17:13 Moon Well
17:14 Moon Well
19:27 Ancient of Wind
19:29 Ancient of Wind
19:50 Altar of Elders
19:51 Moon Well
19:52 Moon Well
20:58 Moon Well
22:44 Tree of Life
23:07 Tree of Life
31:50 Tree of Ages
32:03 Ancient of Wonders
32:46 Moon Well
52:38 Moon Well
52:40 Moon Well
52:59 Moon Well
53:05 Moon Well
53:08 Moon Well
54:57 Moon Well
91:22 Altar of Elders
95:26 Moon Well
» items
| Tiny Great Hall | 1 | |
| Boots of Speed | 2 | |
| Scroll of Town Portal | 1 | |
| Orb of Venom | 1 | |
| Staff of Teleportation | 2 | |
| Staff of Preservation | 2 | |
| Potion of Lesser Invulnerability | 2 | |
11 total
oOLoNg420 (
yellow | 117 APM | 12314 actions | 105:34)
7 Dark Ranger
3 Black Arrow
3 Silence
1 Charm
» actions
| Assign group hotkey | 4155 | |
| Basic commands | 174 | |
| Build / train | 103 | |
| ESC pressed | 21 | |
| Enter build submenu | 70 | |
| Enter hero's abilities submenu | 7 | |
| Give item / drop item | 7 | |
| Right click | 4161 | |
| Select / deselect | 596 | |
| Select group hotkey | 2704 | |
| Use ability | 316 | |
12314 total
» units
| Peasant | 16 | |
| Dragonhawk Rider | 19 | |
35 total
» upgrades
| Masonry | 3 | |
| Storm Hammers | 1 | |
| Cloud | 1 | |
| Armor | 3 | |
| Swords | 4 | |
| Animal War Training | 1 | |
13 total
» buildings
| Lumber Mill | 4 | |
| Farm | 24 | |
| Altar of Kings | 2 | |
| Scout Tower | 69 | |
| Guard Tower | 30 | |
| Keep | 1 | |
| Town Hall | 1 | |
| Castle | 1 | |
| Arcane Tower | 2 | |
| Arcane Vault | 1 | |
| Blacksmith | 1 | |
| Gryphon Aviary | 3 | |
| Barracks | 1 | |
| Arcane Sanctum | 1 | |
| Workshop | 1 | |
| Cannon Tower | 1 | |
143 total
» build order
00:20 Lumber Mill
00:34 Farm
00:49 Altar of Kings
01:14 Farm
01:49 Scout Tower
01:52 Scout Tower
01:54 Scout Tower
02:12 Scout Tower
02:13 Scout Tower
02:16 Scout Tower
02:17 Scout Tower
02:17 Scout Tower
02:19 Scout Tower
02:22 Scout Tower
02:23 Guard Tower
02:42 Guard Tower
02:55 Guard Tower
03:13 Scout Tower
03:13 Scout Tower
03:18 Scout Tower
03:19 Scout Tower
03:26 Guard Tower
03:38 Guard Tower
03:47 Guard Tower
03:50 Guard Tower
04:04 Guard Tower
04:13 Farm
04:21 Scout Tower
04:37 Guard Tower
04:41 Scout Tower
04:43 Scout Tower
04:43 Scout Tower
05:06 Guard Tower
05:08 Keep
05:32 Guard Tower
05:38 Guard Tower
05:41 Scout Tower
05:42 Scout Tower
06:28 Guard Tower
06:48 Town Hall
06:58 Guard Tower
07:00 Guard Tower
07:31 Castle
08:06 Scout Tower
08:06 Scout Tower
08:07 Scout Tower
08:09 Scout Tower
08:10 Scout Tower
08:10 Scout Tower
08:11 Scout Tower
08:11 Scout Tower
08:46 Guard Tower
09:11 Arcane Tower
09:21 Arcane Vault
10:08 Guard Tower
10:09 Blacksmith
10:12 Gryphon Aviary
10:32 Guard Tower
10:52 Gryphon Aviary
10:55 Gryphon Aviary
11:19 Guard Tower
11:29 Farm
11:46 Guard Tower
11:51 Scout Tower
11:52 Scout Tower
11:53 Scout Tower
11:55 Scout Tower
11:56 Scout Tower
12:21 Barracks
14:04 Guard Tower
14:38 Farm
14:39 Guard Tower
15:31 Arcane Tower
15:35 Arcane Sanctum
16:17 Workshop
17:24 Cannon Tower
19:11 Farm
19:12 Farm
19:12 Farm
19:12 Farm
19:12 Farm
19:15 Farm
19:15 Farm
21:18 Farm
21:18 Farm
21:19 Farm
22:54 Scout Tower
22:55 Scout Tower
22:55 Scout Tower
22:56 Scout Tower
22:57 Scout Tower
22:57 Scout Tower
22:58 Scout Tower
22:58 Scout Tower
23:00 Scout Tower
23:00 Scout Tower
23:01 Scout Tower
23:05 Scout Tower
23:06 Scout Tower
23:08 Scout Tower
23:08 Scout Tower
23:11 Scout Tower
23:12 Scout Tower
23:18 Lumber Mill
23:44 Lumber Mill
23:57 Lumber Mill
24:10 Scout Tower
24:11 Scout Tower
24:13 Scout Tower
24:15 Scout Tower
24:16 Scout Tower
24:19 Scout Tower
24:31 Scout Tower
24:32 Scout Tower
24:33 Scout Tower
24:40 Guard Tower
24:42 Guard Tower
25:07 Scout Tower
25:10 Scout Tower
25:10 Scout Tower
25:10 Scout Tower
25:11 Scout Tower
25:13 Scout Tower
25:13 Scout Tower
25:17 Scout Tower
25:20 Scout Tower
25:21 Scout Tower
26:21 Guard Tower
26:35 Guard Tower
27:17 Guard Tower
28:31 Guard Tower
28:54 Guard Tower
29:36 Guard Tower
80:48 Altar of Kings
81:16 Farm
81:35 Farm
81:39 Farm
81:48 Farm
81:55 Farm
81:58 Farm
82:43 Farm
82:47 Farm
83:08 Farm
» items
| Healing Salve | 1 | |
| Lesser Clarity Potion | 1 | |
| Scroll of Town Portal | 3 | |
| Potion of Healing | 2 | |
| Staff of Teleportation | 1 | |
| Potion of Lesser Invulnerability | 3 | |
11 total
team 2 (loser)

»
Mentalduck (
purple | 74 APM | 6559 actions | 88:30)
6 Archmage
3 Summon Water Elemental
2 Brilliance Aura
1 Mass Teleport
» actions
| Assign group hotkey | 34 | |
| Basic commands | 628 | |
| Build / train | 65 | |
| ESC pressed | 1 | |
| Enter build submenu | 21 | |
| Enter hero's abilities submenu | 7 | |
| Right click | 1848 | |
| Select / deselect | 1450 | |
| Select group hotkey | 2397 | |
| Use ability | 107 | |
6559 total
» units
| Peasant | 8 | |
| Footman | 5 | |
| Rifleman | 8 | |
| Mortar Team | 2 | |
| Siege Engine | 9 | |
| Priest | 6 | |
38 total
» upgrades
| Gunpowder | 3 | |
| Priest Training | 2 | |
| Lumber Harvesting | 1 | |
| Barrage | 1 | |
| Long Rifles | 1 | |
| Armor | 1 | |
| Plating | 1 | |
10 total
» buildings
| Altar of Kings | 1 | |
| Farm | 13 | |
| Barracks | 1 | |
| Blacksmith | 1 | |
| Arcane Vault | 1 | |
| Keep | 1 | |
| Lumber Mill | 1 | |
| Arcane Sanctum | 1 | |
| Castle | 1 | |
| Workshop | 1 | |
22 total
» build order
00:09 Altar of Kings
00:17 Farm
00:29 Barracks
00:50 Farm
01:25 Farm
02:08 Farm
02:18 Blacksmith
02:48 Farm
03:34 Farm
04:18 Arcane Vault
05:02 Keep
05:50 Farm
06:35 Farm
06:50 Lumber Mill
07:40 Arcane Sanctum
07:51 Castle
08:06 Workshop
09:24 Farm
10:49 Farm
11:35 Farm
12:24 Farm
14:30 Farm
» items
| Dust of Appearance | 4 | |
| Boots of Speed | 1 | |
| Staff of Teleportation | 1 | |
| Potion of Lesser Invulnerability | 2 | |
8 total
SoMEcrazyAzN (
red | 114 APM | 10052 actions | 88:30)
6 Keeper of the Grove
3 Entangling Roots
2 Thorns Aura
1 Tranquility
4 Priestess of the Moon
2 Trueshot Aura
2 Searing Arrows
» actions
| Assign group hotkey | 52 | |
| Basic commands | 1770 | |
| Build / train | 134 | |
| ESC pressed | 5 | |
| Enter build submenu | 34 | |
| Enter hero's abilities submenu | 10 | |
| Give item / drop item | 2 | |
| Right click | 1435 | |
| Select / deselect | 1479 | |
| Select group hotkey | 4988 | |
| Use ability | 143 | |
10052 total
» units
| Wisp | 30 | |
| Huntress | 7 | |
| Glaive Thrower | 6 | |
| Druid of the Talon | 12 | |
| Archer | 24 | |
| Hippogryph | 21 | |
100 total
» upgrades
| Strength of the Moon | 2 | |
| Vorpal Blades | 1 | |
| Druid of the Talon Training | 2 | |
| Sentinel | 1 | |
| Improved Bows | 1 | |
| Hippogryph Taming | 1 | |
8 total
» buildings
| Altar of Elders | 1 | |
| Moon Well | 13 | |
| Hunter's Hall | 1 | |
| Ancient of War | 4 | |
| Tree of Ages | 2 | |
| Ancient of Wind | 4 | |
| Tree of Life | 5 | |
| Ancient of Wonders | 2 | |
| Tree of Eternity | 1 | |
33 total
» build order
00:07 Altar of Elders
00:19 Moon Well
01:37 Hunter's Hall
02:03 Ancient of War
02:09 Ancient of War
02:37 Moon Well
02:42 Moon Well
05:22 Moon Well
05:57 Tree of Ages
06:10 Moon Well
07:43 Moon Well
08:41 Ancient of Wind
08:45 Ancient of Wind
08:51 Ancient of Wind
09:05 Tree of Life
10:40 Ancient of Wonders
10:44 Ancient of Wonders
13:37 Tree of Eternity
14:18 Moon Well
18:48 Tree of Life
32:31 Tree of Life
40:50 Tree of Life
50:28 Tree of Ages
54:12 Moon Well
54:13 Moon Well
55:07 Moon Well
55:09 Moon Well
56:03 Ancient of War
57:14 Ancient of War
58:16 Ancient of Wind
59:08 Tree of Life
63:51 Moon Well
63:54 Moon Well
» items
| Scroll of Town Portal | 3 | |
| Scroll of Healing | 1 | |
| Orb of Corruption | 1 | |
| Dust of Appearance | 2 | |
| Potion of Healing | 1 | |
| Potion of Lesser Invulnerability | 1 | |
| Staff of Teleportation | 2 | |
11 total

»
StyLiNDraGoN (
green | 79 APM | 8306 actions | 105:34)
3 Death Knight
2 Death Coil
1 Unholy Aura
3 Dreadlord
1 Sleep
2 Vampiric Aura
1 Priestess of the Moon
1 Trueshot Aura
1 Keeper of the Grove
1 Thorns Aura
» actions
| Assign group hotkey | 58 | |
| Basic commands | 605 | |
| Build / train | 119 | |
| ESC pressed | 5 | |
| Enter build submenu | 77 | |
| Enter hero's abilities submenu | 8 | |
| Remove unit from queue | 4 | |
| Right click | 2505 | |
| Select / deselect | 1917 | |
| Select group hotkey | 2867 | |
| Use ability | 140 | |
8306 total
» units
| Acolyte | 28 | |
| Ghoul | 7 | |
| Crypt Fiend | 7 | |
| Frost Wyrm | 10 | |
| Gargoyle | 14 | |
66 total
» upgrades
| Web | 1 | |
| Creature Attack | 3 | |
| Creature Carapace | 3 | |
| Freezing Breath | 1 | |
| Stone Form | 1 | |
9 total
» buildings
| Altar of Darkness | 2 | |
| Ziggurat | 26 | |
| Crypt | 4 | |
| Halls of the Dead | 2 | |
| Graveyard | 4 | |
| Black Citadel | 2 | |
| Sacrificial Pit | 3 | |
| Tomb of Relics | 3 | |
| Nerubian Tower | 12 | |
| Boneyard | 3 | |
| Spirit Tower | 9 | |
| Necropolis | 2 | |
| Moon Well | 2 | |
74 total
» build order
00:13 Altar of Darkness
00:15 Ziggurat
01:29 Crypt
01:35 Crypt
01:59 Crypt
02:00 Ziggurat
02:26 Ziggurat
05:36 Halls of the Dead
05:48 Ziggurat
07:48 Graveyard
07:57 Black Citadel
08:35 Sacrificial Pit
08:40 Ziggurat
08:43 Ziggurat
08:47 Tomb of Relics
08:50 Nerubian Tower
10:32 Boneyard
10:37 Boneyard
11:12 Spirit Tower
11:15 Spirit Tower
19:30 Nerubian Tower
20:53 Nerubian Tower
43:55 Graveyard
44:09 Ziggurat
45:09 Nerubian Tower
45:15 Ziggurat
45:18 Ziggurat
45:26 Sacrificial Pit
46:08 Spirit Tower
46:11 Ziggurat
47:05 Nerubian Tower
47:10 Tomb of Relics
50:35 Ziggurat
51:15 Necropolis
51:22 Necropolis
51:37 Nerubian Tower
52:27 Ziggurat
53:19 Spirit Tower
54:21 Halls of the Dead
54:39 Ziggurat
55:41 Nerubian Tower
56:19 Ziggurat
56:26 Tomb of Relics
56:29 Ziggurat
57:00 Ziggurat
57:21 Nerubian Tower
57:27 Graveyard
57:36 Graveyard
59:03 Spirit Tower
59:04 Spirit Tower
59:21 Crypt
59:23 Ziggurat
59:26 Ziggurat
60:37 Nerubian Tower
60:38 Spirit Tower
62:05 Altar of Darkness
63:57 Black Citadel
64:21 Ziggurat
64:38 Ziggurat
64:45 Ziggurat
64:50 Sacrificial Pit
65:10 Ziggurat
66:08 Nerubian Tower
66:09 Spirit Tower
66:11 Spirit Tower
66:24 Ziggurat
66:28 Ziggurat
66:35 Boneyard
67:33 Nerubian Tower
67:34 Nerubian Tower
83:24 Ziggurat
83:34 Ziggurat
91:14 Moon Well
93:32 Moon Well
» items
| Dust of Appearance | 3 | |
| Scroll of Town Portal | 1 | |
| Orb of Corruption | 1 | |
5 total
Chat log
(00:09 / Allies) oOLoNg420: going DR
(00:15 / All) aZN.FRIEZa.007: azn pride
(00:20 / All) SoMEcrazyAzN: yea!
(00:22 / All) SoMEcrazyAzN: <3
(00:24 / All) Mentalduck: DAS WUS GEWD
(00:38 / All) oOLoNg420: u guys like anime??
(00:49 / All) GOKUMaN69: CLAN BaLz
(00:52 / All) SoMEcrazyAzN: i personally dont watch it, but stylin is all over it
(01:07 / All) GOKUMaN69: anime is Awesome
(01:22 / All) GOKUMaN69: no rush please
(01:32 / All) SoMEcrazyAzN: NR20?
(01:36 / All) aZN.FRIEZa.007: sure
(01:38 / All) oOLoNg420: NR30 PLZ
(01:41 / All) SoMEcrazyAzN: ooo 30
(01:45 / All) Mentalduck: NR50
(01:49 / All) GOKUMaN69: sound good?
(01:54 / All) Mentalduck: lets make it 70
(01:58 / All) GOKUMaN69: cool man
(02:02 / All) aZN.FRIEZa.007: let's not rush at all
(02:29 / All) SoMEcrazyAzN: lets make love, not war and watch anime together and show me whats up
(02:38 / All) aZN.FRIEZa.007: who gonn anime
(02:39 / All) aZN.FRIEZa.007: we gonn anime
(02:52 / Allies) oOLoNg420: go to tav for a sec
(02:53 / Allies) oOLoNg420: with bm
(03:34 / Allies) oOLoNg420: go to tav plz
(04:44 / All) Mentalduck: THE FUCK IS THAT
(10:42 / Allies) oOLoNg420: lum
(15:11 / Allies) oOLoNg420: lum
(20:06 / Allies) oOLoNg420: lum
(20:10 / Allies) oOLoNg420: quik
(20:12 / Allies) oOLoNg420: alot of lum
(20:16 / Allies) oOLoNg420: k
(23:30 / All) aZN.FRIEZa.007: GUERILLA TACTICS
(26:12 / Allies) oOLoNg420: lum
(32:09 / Allies) oOLoNg420: why
(32:12 / Allies) oOLoNg420: id need another hero
(32:17 / Allies) oOLoNg420: o
(32:39 / All) SoMEcrazyAzN: how did u get up there o.O
(32:42 / All) SoMEcrazyAzN: im confused
(32:50 / All) GOKUMaN69: hacked bro
(32:51 / All) oOLoNg420: zepellin
(32:51 / All) GOKUMaN69: sorry
(33:02 / All) SoMEcrazyAzN: whats a zep?
(33:12 / All) aZN.FRIEZa.007: we used brute force run through a vertical matrixshift
(36:17 / All) aZN.FRIEZa.007: GUERILLA RADIO
(38:46 / All) oOLoNg420: maphackers
(38:56 / Allies) oOLoNg420: nah im jk
(41:37 / All) SoMEcrazyAzN: what a stalemate
(41:47 / All) aZN.FRIEZa.007: it's pretty fresh if you ask me! HAH!
(43:25 / Allies) oOLoNg420: what units do they have over at their other expo
(43:43 / Allies) aZN.FRIEZa.007: woood
(44:05 / Allies) oOLoNg420: wat
(44:24 / All) SoMEcrazyAzN: so with this strat, do u guys hope the other team leaves?
(44:32 / All) oOLoNg420: no
(44:34 / All) oOLoNg420: the opposite
(45:14 / Allies) oOLoNg420: can pick stuff off as long as fiends arent there
(56:49 / All) aZN.FRIEZa.007: guerilla taktikz
(57:07 / Allies) oOLoNg420: give me
(57:55 / All) aZN.FRIEZa.007: this is like the war in iraq but cooler
(58:00 / All) SoMEcrazyAzN: O.O
(58:02 / Allies) oOLoNg420: do they have flare
(58:04 / Allies) oOLoNg420: havent seen them use it
(58:05 / All) SoMEcrazyAzN: its more interactive
(58:08 / Allies) oOLoNg420: o
(59:47 / All) aZN.FRIEZa.007: we're kidnapping your troops and putting them to the death
(59:54 / All) SoMEcrazyAzN: omg like in iraq
(59:56 / Allies) oOLoNg420: i'll go for fiends
(60:02 / Allies) oOLoNg420: gonna kill them
(60:29 / Allies) oOLoNg420: fuck
(60:58 / Allies) oOLoNg420: ya
(61:16 / Allies) oOLoNg420: hm
(61:23 / Allies) oOLoNg420: maybe take the frost hit then ww after i charm
(64:40 / All) aZN.FRIEZa.007: Direct my hatred!
(66:30 / All) aZN.FRIEZa.007: out of the shadowzzz
(70:10 / Allies) oOLoNg420: if they hadnt bought so many tps
(70:21 / Allies) oOLoNg420: we'd jave killed so many heroes + units now
(70:48 / Allies) oOLoNg420: scout there
(70:51 / Allies) oOLoNg420: ill just take hippos
(71:09 / Allies) oOLoNg420: wow
(71:23 / All) Mentalduck: OUT OF THE SHADOWWZZZZ
(71:32 / All) aZN.FRIEZa.007: SHADOWPHREAX
(76:22 / All) aZN.FRIEZa.007: THE DARING ESCAPE OF NIKORO
(78:08 / Allies) oOLoNg420: i can revive dr for prob like 2k gold
(78:58 / Allies) oOLoNg420: i cant believe these guys dont suck that bad
(78:59 / Allies) oOLoNg420: at using heroes
(79:02 / Allies) oOLoNg420: considering the start of the game
(79:56 / Allies) oOLoNg420: we really just need to kill kotg
(80:45 / All) Mentalduck: THE DEATH OF NIKORO ECHOES THROUGHOUT THE PEAKS OF HIGHPERCH
(81:04 / All) aZN.FRIEZa.007: But you hear that?? The whispers of the phoenix.. a rumor that NIkoro will return..
(83:38 / Allies) oOLoNg420: 300 goldplz
(84:03 / Allies) oOLoNg420: gokunoob afk
(84:26 / Allies) oOLoNg420: hey sell his staff and give me gold
(84:50 / Allies) oOLoNg420: no use for that staff
(85:13 / Allies) oOLoNg420: no space for shop
(85:40 / Allies) oOLoNg420: take the tp off his hero when you're back up here
(86:40 / Allies) oOLoNg420: gold
(86:42 / Allies) oOLoNg420: quick
(86:43 / Allies) oOLoNg420: 300
(88:30 / All) aZN.FRIEZa.007: can't contend with nikoro
(89:56 / All) aZN.FRIEZa.007: make urself at home
(90:28 / Allies) oOLoNg420: kill heroes
(90:29 / Allies) oOLoNg420: try
(91:29 / All) GOKUMaN69: Gg man
(91:34 / All) GOKUMaN69: nice try
(91:36 / All) GOKUMaN69: ...
(91:37 / All) GOKUMaN69: not
(91:40 / All) StyLiNDraGoN: who said im out of units
(91:50 / All) GOKUMaN69: I am
(91:50 / All) aZN.FRIEZa.007: what do you mean by stylindragon is it like a fashionable dragon or what
(92:19 / Allies) oOLoNg420: not many hawks left
(92:29 / Allies) oOLoNg420: ill try to get fiends
(92:39 / Allies) oOLoNg420: we dont have a hall now
(92:44 / Allies) oOLoNg420: fuckkk
(92:57 / Allies) oOLoNg420: haha hes dumb
(93:01 / Allies) oOLoNg420: changing to bm
(93:15 / Allies) oOLoNg420: i need to swap tp for invuln i guess
(93:16 / All) GOKUMaN69: ty for the unit
(94:28 / Allies) oOLoNg420: hahahah
(94:29 / Allies) oOLoNg420: wtf
(95:21 / Allies) oOLoNg420: ya ya
(95:38 / All) GOKUMaN69: why no quiting bro
(95:45 / All) StyLiNDraGoN: why not try to attack my base?
(95:55 / All) oOLoNg420: cause u mass towers
(96:06 / All) StyLiNDraGoN: but your pro right?
(96:11 / All) aZN.FRIEZa.007: WE'RE PRO
(96:17 / All) StyLiNDraGoN: then come?
(96:30 / All) aZN.FRIEZa.007: we're doing it guerilla style in tribute to The Gorillas
(96:46 / Allies) oOLoNg420: heroes
(97:32 / All) GOKUMaN69: boom headshot
(97:40 / All) StyLiNDraGoN: oh well all i have to do is rez them
(97:42 / All) oOLoNg420: owned lol
(97:50 / Allies) oOLoNg420: im charming that
(97:57 / Allies) oOLoNg420: dont kill it
(99:14 / Allies) oOLoNg420: can sell tp we have no main
(99:51 / All) StyLiNDraGoN: obviously scared to attack
(99:59 / All) aZN.FRIEZa.007: we're just toying around with you
(100:09 / All) StyLiNDraGoN: sure
(100:24 / All) StyLiNDraGoN: all i see is weak attacks cause you can't take it in 1 go
(100:32 / All) aZN.FRIEZa.007: we're just toying around with you
(100:39 / All) aZN.FRIEZa.007: like when frieza sends the ginyu force to defeat goku instead of doing it himself
(101:04 / All) StyLiNDraGoN: sure
(101:10 / All) GOKUMaN69: yeah
(101:13 / All) GOKUMaN69: just like that
(101:19 / Allies) oOLoNg420: his dl i sback
(101:24 / All) StyLiNDraGoN: too bad that doesn't make sense
(101:30 / All) StyLiNDraGoN: toying and sending other people?
(101:35 / All) StyLiNDraGoN: what a great analogy
(101:35 / All) aZN.FRIEZa.007: AKA not using full force
(101:43 / All) aZN.FRIEZa.007: just torturing before the kill
(101:56 / All) oOLoNg420: killin noobs fast is boring
(102:00 / All) GOKUMaN69: but goku won
(102:06 / All) GOKUMaN69: maybe he will win
(102:40 / All) StyLiNDraGoN: like i said scared
(104:01 / All) aZN.FRIEZa.007: is trouble BREWING
(104:30 / All) StyLiNDraGoN: i guess talking to people who can't comprehend english is useless
(104:36 / All) aZN.FRIEZa.007: i'm an english professor
(104:40 / All) StyLiNDraGoN: i doubt it
(104:40 / All) oOLoNg420: hahah
(104:44 / All) aZN.FRIEZa.007: asian american lit
(104:47 / All) aZN.FRIEZa.007: all me baby
(104:48 / All) GOKUMaN69: its true
(104:56 / All) oOLoNg420: you is an english pro
(105:24 / All) StyLiNDraGoN: i laugh at that
(105:31 / All) oOLoNg420: gg lil noobie